Map: Inside and Out

Players

GungFuBanDa - Winner!

  • Race: Protoss Protoss
  • Spawn Location: 7:00

Vindicta

  • Race: Terran Terran
  • Spawn Location: 1:00

Event: DreamHack SC2 Masters 2022 Atlanta (Offline)

VOD

Have the link to the VOD?

Description

Time

  • Played on: Nov. 18, 2022, 2:54 p.m.
  • Length: 17:36

All games in this series

Show
View Real Time Build Order
Export as new Build Order

GungFuBanDa Protoss - Winner!

Build Orders: 1 Gate Expand, Blink Stalkers, Zealot Archon 

Get SALT Encoding   

  12  0:00  Probe  
  13  0:12  Probe  
  14  0:18  Pylon  
  14  0:24  Probe (Chrono Boost)  
  15  0:37  Probe (Chrono Boost)  
  15  0:38  Gateway  
  16  0:45  Probe (Chrono Boost)  
  16  0:46  Assimilator  
  17  0:51  Probe  
  18  1:03  Probe  
  19  1:15  Probe  
  20  1:25  Cybernetics Core  
  20  1:35  Nexus  
  20  1:39  Probe  
  21  1:46  Pylon  
  21  1:51  Probe  
  22  1:57  Assimilator  
  22  2:02  Adept (Chrono Boost)  
  22  2:03  Probe  
  24  2:10  Warp Gate  
  25  2:15  Probe (Chrono Boost)  
  25  2:25  Stalker  
  25  2:27  Probe (Chrono Boost)  
  28  2:35  Twilight Council  
  28  2:36  Probe (Chrono Boost)  
  29  2:43  Probe  
  30  2:52  Probe  
  30  2:55  Probe, Stalker  
  34  3:04  Probe (Chrono Boost)  
  35  3:06  Shield Battery  
  35  3:11  Probe (Chrono Boost)  
  36  3:13  Blink (Chrono Boost)  
  36  3:16  Probe (Chrono Boost)  
  38  3:22  Probe x2 (Chrono Boost)  
  39  3:31  Probe x2  
  39  3:33  Gateway  
  41  3:38  Robotics Facility  
  41  3:43  Probe x2  
  43  3:48  Pylon  
  43  3:54  Cybernetics Core  
  43  3:55  Probe x2  
  44  4:02  Pylon  
  45  4:04  Assimilator  
  45  4:07  Stalker  
  45  4:08  Probe  
  48  4:10  Probe  
  49  4:21  Probe  
  49  4:24  Probe  
  51  4:25  Observer  
  51  4:27  Stalker  
  54  4:33  Nexus, Probe  
  54  4:34  Pylon  
  54  4:36  Probe  
  56  4:45  Probe  
  57  4:47  Pylon  
  57  4:49  Probe  
  57  4:50  Observer  
  59  4:56  Forge  
  59  4:57  Charge (Chrono Boost), Probe  
  59  4:59  Gateway  
  60  5:01  Probe  
  60  5:06  Stalker x2  
  65  5:09  Probe, Gateway  
  66  5:20  Probe (Chrono Boost)  
  59  5:25  Probe (Chrono Boost)  
  59  5:27  Protoss Ground Weapons Level 1 (Chrono Boost)  
  60  5:32  Probe (Chrono Boost)  
  60  5:33  Immortal  
  60  5:34  Probe (Chrono Boost)  
  66  5:36  Probe (Chrono Boost)  
  66  5:39  Probe (Chrono Boost)  
  68  5:43  Pylon  
  68  5:44  Probe  
  68  5:46  Probe  
  70  5:51  Probe  
  70  5:55  Stalker  
  73  5:59  Probe  
  73  6:03  Probe  
  75  6:05  Gateway  
  75  6:08  Gateway  
  75  6:12  Probe  
  75  6:14  Probe  
  75  6:15  Immortal (Chrono Boost)  
  75  6:16  Pylon  
  75  6:17  Probe  
  82  6:20  Gateway  
  81  6:26  Gateway  
  81  6:27  Templar Archives  
  81  6:37  Sentry  
  81  6:38  Zealot, Probe  
  86  6:42  Pylon  
  86  6:46  Warp Prism (Chrono Boost)  
  86  6:49  Zealot, Pylon x2  
  86  6:50  Zealot  
  92  6:58  Zealot  
  94  7:01  Pylon  
  94  7:05  High Templar x2  
  94  7:06  Zealot  
  100  7:13  Archon  
  100  7:15  Zealot x3  
  106  7:20  Zealot  
  108  7:24  Pylon  
  108  7:26  Pylon  
  96  7:32  Zealot x2  
  96  7:35  Shield Battery  
  100  7:37  High Templar  
  100  7:38  Zealot x3, Protoss Ground Armor Level 1 (Chrono Boost), High Templar, Pylon  
  100  7:40  Probe  
  100  7:43  Archon  
  111  7:45  Probe  
  111  7:46  Zealot  
  110  7:58  Stalker x2  
  110  7:59  Zealot x2  
  110  8:01  Probe x2  
  120  8:08  Probe  
  116  8:13  Probe  
  116  8:15  Zealot x4  
  116  8:17  Zealot x4  
  116  8:19  Probe  
  124  8:28  Probe (Chrono Boost)  
  124  8:29  Observer  
  124  8:30  Probe (Chrono Boost), Assimilator  
  124  8:31  Assimilator  
  126  8:34  Robotics Bay  
  126  8:41  Probe (Chrono Boost), Assimilator  
  128  8:43  Probe (Chrono Boost), Pylon  
  128  8:47  Zealot x8  
  144  9:01  Protoss Ground Weapons Level 2 (Chrono Boost)  
  144  9:02  Probe  
  145  9:04  Robotics Facility  
  145  9:09  Probe  
  144  9:17  Colossus (Chrono Boost)  
  144  9:19  Pylon  
  144  9:21  Nexus  
  148  9:25  Pylon  
  148  9:27  Extended Thermal Lance  
  148  9:35  Probe x2  
  148  9:36  Probe, Pylon  
  151  9:40  Stalker x3  
  156  9:45  Pylon  
  156  9:47  Probe  
  156  9:48  Probe x2  
  159  9:56  Observer  
  159  9:59  Probe  
  160  10:02  Colossus (Chrono Boost), Pylon  
  160  10:03  Probe  
  173  10:08  Photon Cannon, Probe  
  173  10:12  Colossus (Chrono Boost)  
  174  10:17  Shield Battery  
  174  10:19  Photon Cannon  
  168  10:31  Dark Shrine  
  168  10:33  Probe  
  169  10:40  Zealot x7  
  183  10:45  Zealot  
  188  10:52  Disruptor (Chrono Boost)  
  188  10:56  Disruptor (Chrono Boost)  
  189  11:08  Forge  
  189  11:09  Gateway  
  177  11:11  Assimilator  
  177  11:12  Photon Cannon  
  177  11:15  Shield Battery  
  177  11:17  Zealot x3  
  183  11:19  High Templar x4  
  183  11:20  Zealot  
  183  11:24  Archon x2  
  192  11:32  Assimilator  
  193  11:34  Disruptor (Chrono Boost)  
  193  11:35  Disruptor (Chrono Boost)  
  193  11:39  Pylon  
  188  11:46  Nexus  
  188  11:53  Zealot x5  
  195  11:54  Stalker x2  
  195  11:56  Photon Cannon  
  195  11:58  Shield Battery  
  195  11:59  Protoss Ground Weapons Level 3 (Chrono Boost)  
  195  12:00  Pylon  
  199  12:07  Protoss Ground Armor Level 2 (Chrono Boost)  
  199  12:11  Probe, Photon Cannon  
  196  12:21  Zealot  
  198  12:28  Stalker x7  
  200  12:32  Observer  
  163  12:50  Zealot x2  
  167  12:51  Zealot x4  
  167  12:52  Zealot x2, Dark Templar  
  167  12:53  Gravitic Drive (Chrono Boost)  
  167  12:55  Observer (Chrono Boost)  
  167  12:57  Probe  
  167  12:58  Probe  
  187  13:00  Probe  
  187  13:01  Disruptor (Chrono Boost), Photon Cannon  
  187  13:02  Probe  
  185  13:22  Stalker x2  
  185  13:23  Stalker x4  
  144  13:51  Zealot x9, Warp Prism (Chrono Boost)  
  161  13:56  Probe  
  161  13:58  Probe  
  161  13:59  Shield Battery, Pylon  
  161  14:00  Assimilator  
  161  14:02  Disruptor (Chrono Boost)  
  166  14:04  Probe  
  166  14:05  Probe  
  166  14:07  Observer  
  168  14:11  High Templar  
  168  14:12  High Templar x4  
  168  14:13  Zealot x2, Sentry, High Templar  
  186  14:17  Archon x3  
  186  14:26  Protoss Ground Armor Level 3 (Chrono Boost)  
  186  14:27  Protoss Shields Level 1 (Chrono Boost)  
  186  14:37  Zealot x3  
  192  14:48  Dark Templar x3  
  198  14:54  Nexus  
  172  15:28  Disruptor (Chrono Boost)  
  154  15:29  Zealot x6  
  154  15:30  Zealot x3  
  178  15:38  Disruptor (Chrono Boost)  
  178  15:40  Probe, Pylon  
  179  15:43  Assimilator  
  179  15:45  Assimilator  
  179  15:47  Assimilator  
  179  15:50  Zealot x8  
  179  15:51  Zealot  
  165  16:27  Dark Templar x3  
  165  16:28  Disruptor x2 (Chrono Boost), Dark Templar x5  
  165  16:29  Dark Templar  
  183  16:50  Probe  
  149  17:06  Stalker x4  
  151  17:13  Probe (Chrono Boost)  
  154  17:21  Probe x2 (Chrono Boost)  
  154  17:29  Zealot x9  
Show
View Real Time Build Order
Export as new Build Order

Vindicta Terran 

Build Orders:  

Get SALT Encoding   

  12  0:00  SCV  
  13  0:12  SCV  
  14  0:17  Supply Depot  
  14  0:24  SCV  
  15  0:38  SCV  
  15  0:39  Barracks  
  16  0:43  Refinery  
  16  0:50  SCV  
  16  0:52  Refinery  
  17  1:02  SCV  
  18  1:14  SCV  
  19  1:27  Reaper  
  19  1:28  Orbital Command  
  19  1:30  Supply Depot  
  20  1:45  Factory  
  20  1:53  SCV  
  21  1:59  Reaper  
  22  2:06  SCV  
  23  2:18  SCV  
  24  2:30  SCV, Command Center  
  24  2:36  Hellion  
  27  2:37  Barracks Reactor  
  27  2:42  SCV  
  28  2:48  Supply Depot  
  28  2:54  SCV  
  28  2:57  Starport  
  29  3:01  Widow Mine  
  31  3:09  SCV  
  31  3:12  Marine x2  
  34  3:22  SCV  
  34  3:23  Widow Mine  
  37  3:30  Marine x2  
  39  3:42  SCV, Medivac  
  39  3:43  Orbital Command  
  39  3:46  Factory Tech Lab  
  42  3:50  Supply Depot  
  42  3:52  Marine x2  
  42  3:54  SCV  
  45  4:06  SCV  
  45  4:09  SCV, Marine  
  47  4:10  Marine  
  47  4:12  Factory Tech Lab  
  47  4:15  Supply Depot  
  49  4:18  SCV  
  49  4:22  Raven  
  49  4:23  SCV  
  52  4:27  Marine x2  
  52  4:30  SCV  
  55  4:32  Siege Tank  
  55  4:34  Barracks  
  55  4:35  SCV  
  59  4:38  Bunker  
  59  4:42  SCV  
  60  4:47  SCV  
  60  4:48  Engineering Bay  
  60  4:49  Refinery  
  61  4:53  Marine  
  61  4:56  Barracks  
  62  5:00  SCV  
  62  5:02  SCV  
  62  5:04  Siege Tank  
  66  5:10  Supply Depot  
  66  5:12  SCV  
  67  5:14  SCV  
  68  5:24  Refinery, SCV  
  68  5:25  Starport Reactor  
  68  5:26  SCV, Marine x2  
  68  5:28  Terran Infantry Weapons Level 1  
  68  5:30  Supply Depot  
  68  5:32  Stimpack  
  68  5:34  Marauder  
  68  5:36  SCV  
  68  5:38  SCV  
  70  5:45  Marine  
  70  5:49  Marine  
  73  5:51  Factory Reactor  
  73  5:52  Combat Shield  
  73  5:54  Supply Depot, Marauder  
  74  6:00  SCV  
  74  6:01  Marauder  
  74  6:03  Medivac  
  79  6:07  Medivac  
  79  6:08  Marine  
  79  6:09  SCV  
  83  6:17  Command Center, Marauder  
  84  6:22  Marauder  
  84  6:23  Supply Depot  
  86  6:26  Supply Depot  
  86  6:28  Marine  
  86  6:29  Marine  
  86  6:31  Widow Mine  
  90  6:33  Widow Mine  
  90  6:36  Medivac  
  94  6:44  Medivac  
  94  6:45  SCV  
  94  6:46  Supply Depot, Marauder  
  99  6:47  Marine  
  99  6:48  Marine  
  99  6:53  Widow Mine  
  103  6:55  Widow Mine  
  103  7:00  Marauder  
  107  7:01  SCV  
  107  7:02  SCV  
  109  7:10  Supply Depot  
  109  7:12  Concussive Shells  
  109  7:17  Widow Mine  
  109  7:18  Barracks  
  109  7:19  Barracks  
  109  7:21  Widow Mine  
  115  7:22  Terran Infantry Armor Level 1, Marauder  
  115  7:27  Marauder  
  117  7:30  Medivac  
  117  7:33  Orbital Command  
  119  7:39  Ghost Academy, SCV  
  119  7:41  Widow Mine  
  122  7:48  Supply Depot, SCV  
  122  7:50  Marine  
  122  7:51  SCV, Marine  
  124  7:54  Marine  
  123  8:00  Marauder, Orbital Command  
  123  8:01  SCV, Widow Mine  
  128  8:08  Barracks Reactor, SCV, Barracks Tech Lab  
  125  8:13  SCV  
  125  8:19  Missile Turret  
  126  8:20  SCV  
  126  8:22  Enhanced Shockwaves  
  126  8:23  Missile Turret  
  126  8:25  SCV  
  124  8:27  Ghost  
  124  8:32  Viking  
  128  8:36  Viking  
  128  8:40  Ghost  
  132  8:43  Refinery  
  132  8:44  SCV  
  132  8:47  SCV x2  
  135  8:49  Ghost  
  137  8:56  SCV  
  137  8:59  SCV  
  137  9:00  SCV, Sensor Tower  
  138  9:03  Widow Mine  
  138  9:08  SCV, Ghost  
  141  9:10  Refinery  
  141  9:12  SCV  
  144  9:17  Marine  
  144  9:19  Supply Depot  
  144  9:20  SCV  
  144  9:23  Armory  
  144  9:25  Engineering Bay  
  144  9:26  Marine  
  144  9:27  Marine  
  144  9:29  Marine  
  149  9:35  SCV  
  149  9:36  Supply Depot, Missile Turret  
  149  9:37  Liberator  
  151  9:40  Widow Mine  
  151  9:42  Supply Depot  
  153  9:46  SCV  
  153  9:48  Missile Turret  
  153  9:52  Liberator, Ghost  
  157  9:53  Marine  
  157  9:54  Marauder  
  157  9:55  Marine  
  163  10:01  Marauder  
  164  10:09  Marine  
  164  10:11  Missile Turret x3, Marine  
  164  10:14  SCV  
  167  10:15  Marauder  
  167  10:16  Terran Infantry Weapons Level 2  
  167  10:17  Terran Infantry Armor Level 2  
  167  10:20  Liberator  
  172  10:22  Terran Ship Weapons Level 1  
  172  10:28  Marine  
  172  10:29  Marauder  
  172  10:33  Supply Depot, Marine  
  176  10:43  Marauder  
  176  10:44  Command Center  
  176  10:47  SCV  
  181  10:52  Marine  
  181  10:54  Marine  
  181  10:55  Marauder  
  182  11:01  Marauder  
  181  11:04  Liberator  
  181  11:06  Liberator  
  181  11:11  Marauder  
  186  11:16  Marauder  
  186  11:18  Missile Turret  
  187  11:19  Command Center  
  187  11:20  Marine  
  187  11:21  Marine  
  187  11:25  Supply Depot  
  189  11:26  Marauder  
  189  11:32  Marauder  
  193  11:38  Marauder  
  195  11:47  Viking, Marauder  
  195  11:49  Viking, Marine  
  195  11:53  Ghost  
  191  11:57  Marine  
  191  11:59  Marauder  
  194  12:02  Barracks  
  194  12:03  Barracks  
  194  12:04  Barracks, Marine  
  194  12:06  Marine  
  194  12:07  Marine  
  191  12:16  Marine  
  191  12:17  Viking  
  191  12:19  Viking  
  191  12:22  Refinery  
  191  12:24  Refinery  
  186  12:30  SCV x2, Marauder  
  186  12:36  Marauder, Marine  
  185  12:37  Marauder  
  185  12:43  Marine x2  
  173  12:47  Viking, Marine  
  173  12:49  SCV  
  174  12:54  Marine  
  179  12:59  Barracks Tech Lab  
  179  13:01  SCV x2  
  179  13:02  SCV  
  179  13:04  Barracks Tech Lab  
  184  13:06  Medivac  
  184  13:09  Marine x2  
  184  13:10  Planetary Fortress  
  184  13:11  Sensor Tower  
  182  13:17  Medivac  
  187  13:23  Terran Infantry Weapons Level 3  
  183  13:27  Terran Infantry Armor Level 3  
  183  13:32  Marauder  
  183  13:34  Marauder, Marine  
  183  13:36  Medivac, Marine  
  183  13:37  Marine  
  183  13:38  Marauder, Marine  
  183  13:39  Marine  
  183  13:40  Marine  
  143  13:51  Missile Turret  
  143  13:52  Marine, Ghost  
  143  13:54  SCV x2  
  143  13:55  Starport  
  146  13:57  Ghost  
  146  13:58  Marine x2  
  146  13:59  Medivac  
  146  14:02  Marine x2  
  149  14:03  Marine  
  149  14:09  Ghost  
  152  14:13  Medivac  
  152  14:14  Marine  
  152  14:15  Sensor Tower  
  157  14:23  Marine  
  157  14:24  Marauder  
  160  14:27  Marauder  
  160  14:29  Medivac  
  160  14:30  Marauder, Marine  
  162  14:33  Marine  
  161  14:39  Ghost x2  
  161  14:41  Marine  
  161  14:42  Marine x2  
  161  14:43  Factory Tech Lab  
  161  14:44  Ghost  
  170  14:47  Marine  
  170  14:48  Marine  
  170  14:51  Ghost  
  172  14:54  Liberator  
  172  15:00  Medivac  
  172  15:03  Viking  
  172  15:04  Marine  
  172  15:06  Marauder  
  172  15:07  Marine x2  
  174  15:08  Marauder  
  174  15:09  Medivac  
  174  15:11  Marine  
  174  15:12  Marine  
  174  15:20  SCV  
  174  15:21  SCV x2  
  156  15:27  Marauder  
  134  15:30  Medivac  
  134  15:31  Marine  
  134  15:32  Marine  
  134  15:34  Marauder  
  138  15:35  Marine  
  138  15:38  Marine  
  138  15:39  Marauder  
  138  15:41  Marine  
  143  15:44  Marauder  
  143  15:48  Marine  
  143  15:49  Marauder, Marine  
  149  15:50  Marine  
  149  15:53  Marine  
  151  15:57  Marine  
  151  15:58  Marauder  
  151  15:59  Marine  
  151  16:00  Marauder  
  155  16:04  Orbital Command  
  155  16:05  Marauder  
  155  16:06  Marine x2  
  155  16:08  Marine  
  155  16:10  Marine  
  156  16:12  Marine  
  156  16:15  Marine  
  156  16:17  Marine  
  152  16:19  Marauder  
  152  16:22  Marauder  
  133  16:26  Medivac, Ghost  
  133  16:28  Marauder  
  133  16:29  SCV  
  133  16:32  SCV  
  140  16:34  Marine  
  140  16:35  Marauder  
  140  16:36  Marine  
  140  16:38  Marine  
  145  16:41  Marine  
  145  16:46  Marine x2  
  143  16:57  Medivac, Marine x2  
  130  17:01  Marauder  
  130  17:02  Marine  
  130  17:05  Marine  
  130  17:08  Marine  
  114  17:09  Marine  
  112  17:16  SCV  
Tags
 
Add a new tag
Caveats
  • Supply blocks, unpowered buildings, or Contaminate may cause inaccurate times.
  • Supply counts are checked every 10 seconds.